 Dungeon Crawl Stone Soup version 0.20.0-7-g3b7b877 (webtiles) character file.

23993 mopl the Cleaver (level 12, -1/108 HPs)
             Began as a Minotaur Wanderer on May 29, 2017.
             Was a High Priest of Ru.
             Slain by a komodo dragon (10 damage)
             ... on level 3 of the Lair of Beasts.
             The game lasted 00:25:37 (13651 turns).

mopl the Cleaver (Minotaur Wanderer)               Turns: 13651, Time: 00:25:37

Health: -1/108     AC: 19    Str: 20    XL:     12   Next: 76%
Magic:  0/14       EV:  7    Int:  7    God:    Ru [*****.]
Gold:   290        SH:  0    Dex: 14    Spells: 10/11 levels left

rFire    . . .     SeeInvis .   m - +3 trident of Riesk {flame, rPois Stlth+} (curse)
rCold    . . .     Gourm    .   (no shield)
rNeg     . . .     Faith    .   N - +0 plate armour
rPois    +         Spirit   +   k - +1 hat
rElec    .         Reflect  .   p - +1 cloak {+Inv}
rCorr    .         Harm     .   (no gloves)
MR       .....     Rnd*Tele +   z - +0 pair of boots (curse)
Stlth    ..........             r - amulet of guardian spirit
Regen    0.3/turn               S - ring of teleportation (curse)
MPRegen  0.2/turn               F - -3 ring of slaying (curse)

@: exhausted, horrified, very slightly contaminated, drained
A: retaliatory headbutt, horns 2, low mp 1, hated by all, cowardly, no earth
magic, no necromancy magic, no summoning magic, unskilled 1
a: Draw Out Power, Power Leap, Apocalypse, Renounce Religion, Evoke Invisibility


You were on level 3 of the Lair of Beasts.
You worshipped Ru.
Ru was extremely pleased with you.
You were very hungry.

You visited 2 branches of the dungeon, and saw 14 of its levels.

You collected 818 gold pieces.
You spent 528 gold pieces at shops.

Inventory:

Hand Weapons
 a - a +0 broad axe
 b - a +0 war axe of freezing
 m - the cursed +3 trident of Riesk (weapon) {flame, rPois Stlth+}
   (You took it off a wizard on level 9 of the Dungeon)

   It has been specially enchanted to burn those struck by it, causing extra
   injury to most foes and up to half again as much damage against particularly
   susceptible opponents.
   It protects you from poison.
   It makes you more stealthy.
   It has a curse placed upon it.
Missiles
 e - 8 silver tomahawks
 s - 5 tomahawks (quivered)
 T - 2 throwing nets
Armour
 k - a +1 hat (worn)
 p - a +1 cloak of invisibility (worn)
 z - a cursed +0 pair of boots (worn)
 K - +0 acid dragon scales
 N - a +0 plate armour (worn)
Jewellery
 i - an uncursed ring of ice
 r - an amulet of guardian spirit (around neck)
 v - an uncursed ring of flight
 E - an uncursed ring of see invisible
 F - a cursed -3 ring of slaying (right hand)
 G - an uncursed ring of fire
 S - a cursed ring of teleportation (left hand)
 U - an uncursed amulet of regeneration
 Y - a +2 ring of protection
Wands
 h - a wand of disintegration (15/24)
 o - a wand of paralysis (15/24)
 A - a wand of scattershot (4/9)
 D - a wand of disintegration (12/24)
 J - a wand of iceblast (7/15)
 Q - a wand of disintegration (10/24)
 V - a wand of iceblast (3/15)
 W - a wand of paralysis (19/24)
 X - a wand of polymorph (10/24)
 Z - a wand of disintegration (20/24)
Scrolls
 q - a scroll of enchant armour {unknown}
 u - a scroll of identify {unknown}
Potions
 c - 3 potions of ambrosia {unknown}
 f - 2 potions of brilliance
 l - 5 potions of mutation {!q}
 n - 3 potions of haste
 t - a potion of might {unknown}
 w - 4 potions of flight {unknown}
 x - 4 potions of heal wounds
 C - 9 potions of curing
 L - 3 potions of agility
 M - a potion of invisibility
 P - a potion of lignification {unknown}
 R - 3 potions of magic
Comestibles
 d - 12 bread rations
 g - 5 royal jellies
 j - 8 meat rations


   Skills:
 + Level 10.6(10.2) Fighting
 * Level 13.4(13.1) Axes
   Level 2.1(8.8) Maces & Flails
 + Level 8.3(7.9) Throwing
 + Level 9.8(9.4) Armour
 + Level 2.8(2.4) Dodging
   Level 1.1(0.7) Shields
 - Level 7.0(6.6) Evocations


You had 10 spell levels left.
You knew the following spells:

 Your Spells              Type           Power        Failure   Level  Hunger
a - Apportation           Tloc           #.....       100%        1    ##.....


Dungeon Overview and Level Annotations

Branches:
Dungeon (11/15)            Temple (0/1) D:6            Lair (3/6) D:8
  Swamp: Lair:2-4    Shoals: Lair:2-4     Snake: Lair:2-4    Spider: Lair:2-4
    Orc: D:9-12

Altars:
Fedhas
Gozag
Makhleb
Nemelex Xobeh
Ru
Vehumet
The Shining One

Shops:
D:11 ((

Annotations:
D:11 dig
Lair:3 Urug


Innate Abilities, Weirdness & Mutations

You reflexively headbutt those who attack you in melee.
You have a pair of horns on your head.
Your magical capacity is low. (-10% MP)
You are hated by all.
Your cowardice makes you less effective in combat with threatening monsters.
You cannot study or cast Earth magic.
You cannot study or cast Necromancy magic.
You cannot study or cast Summoning magic.
You are somewhat unskilled. (-1 Apt)


Message History

You strike the helpless Urug from behind!
You hit Urug. You burn Urug.
Urug is moderately wounded.
Unknown command.
Urug hits you with a double sword of slicing!!
* * * LOW HITPOINT WARNING * * *
x2 Unknown command.
Unknown command.
Unknown command.
You flicker for a moment.
Urug throws a javelin.
A komodo dragon comes into view.
The komodo dragon hisses angrily.
You feel a twist of horror at the sight of this foe.
You see here a javelin.
Urug screams, "Die, harpy!"
The komodo dragon barely misses you.
You flicker back into view.
The komodo dragon bites you!
You die...

##..o#....##..####P..###
####.+#.####...######
##.### #..#..# #..P#
##....# #o.## #P#..#####
#...# ####+.P..#
######(##### #P.....##
#.......l..# ##.....##
#.......@..######..[...#
#.........###.##......###
#.............###.....+..
............##...'......##
#...........##.#.P.....###
#.#.##.P.##########.#..#
## ##### ###.## ## #.P###
#..#..#..


You could see a komodo dragon.

Vanquished Creatures
  Harold (Lair:2)
  A hydra (Lair:2)
  5 two-headed ogres
  3 death yaks (D:7)
  A wizard (D:9)
  An oklob plant (Lair:2)
  An orb spider (shapeshifter) (D:9)
  An ugly thing (D:9)
  A manticore (D:8)
  A black mamba (Lair:2)
  8 spiny frogs
  A kobold demonologist (D:11)
  3 komodo dragons
  A hornet (D:8)
  5 hippogriffs
  Grinder (D:5)
  A vampire (D:11)
  14 yaks
  A spriggan (D:7)
  2 wyverns
  2 hungry ghosts
  Menkaure (D:6)
  A soldier ant (D:11)
  7 water moccasins
  5 porcupines
  A black bear (D:8)
  2 sky beasts
  2 phantoms
  4 orc warriors
  3 ice beasts
  6 wolves (Lair:2)
  An eye of draining (D:9)
  5 ogres
  5 centaurs
  2 crocodiles (Lair:1)
  4 bullfrogs
  4 big kobolds
  4 scorpions
  14 killer bees
  5 howler monkeys (D:9)
  10 crimson imps
  A bullfrog zombie (D:11)
  A quasit (D:8)
  A hound (D:7)
  2 jellies
  2 centaur skeletons
  9 orc wizards
  A bullfrog skeleton (D:5)
  7 orc priests
  Crazy Yiuf (D:2)
  Jessica (D:3)
  4 iguanas
  Ijyb (D:3)
  15 worker ants
  A hound skeleton (D:4)
  A worker ant zombie (D:5)
  Robin (D:3)
  A howler monkey skeleton (D:4)
  7 gnolls
  17 adders
  3 shadow imps (D:11)
  An ooze (D:2)
  2 adder zombies
  4 adder skeletons
  A worm (D:2)
  2 dart slugs (D:5)
  3 leopard geckos
  37 orcs
  2 ball pythons
  6 bats
  5 giant cockroaches
  15 hobgoblins
  2 jackals (D:2)
  16 kobolds
  6 quokkas
  A ball python skeleton (D:4)
  10 frilled lizards
  20 goblins
  A jackal zombie (D:5)
  8 rats
  2 plants
362 creatures vanquished.

Vanquished Creatures (others)
  An ugly thing (D:11)
  A troll (D:9)
2 creatures vanquished.

Grand Total: 364 creatures vanquished

Notes
Turn   | Place    | Note
-------+----------+-------------------------------------------
     0 | D:1      | mopl the Minotaur Wanderer began the quest for the Orb.
     0 | D:1      | mopl set off with: a +2 scale mail, a +0 hand axe, a +0 mace, a bread ration
     0 | D:1      | Reached XP level 1. HP: 22/22 MP: 0/0
   197 | D:1      | Reached XP level 2. HP: 25/28 MP: 1/1
   200 | D:1      | Reached skill level 5 in Fighting
   201 | D:1      | Reached skill level 1 in Axes
   369 | D:1      | Reached skill level 3 in Armour
   675 | D:2      | Reached XP level 3. HP: 34/36 MP: 2/2
   735 | D:2      | Found a runed door.
   739 | D:2      | Noticed Crazy Yiuf
   746 | D:2      | Killed Crazy Yiuf
   746 | D:2      | Reached skill level 2 in Axes
  1079 | D:2      | Reached XP level 4. HP: 41/42 MP: 3/3
  1562 | D:3      | Noticed Robin
  1584 | D:3      | Killed Robin
  1617 | D:3      | Found an opulent altar of Gozag.
  1626 | D:3      | Reached skill level 2 in Throwing
  1709 | D:3      | Reached skill level 1 in Evocations
  1712 | D:3      | Reached skill level 3 in Axes
  1712 | D:3      | Reached XP level 5. HP: 48/48 MP: 4/4
  1764 | D:3      | Noticed Jessica
  1771 | D:3      | Killed Jessica
  1942 | D:3      | Found a sacrificial altar of Ru.
  2126 | D:3      | Noticed Ijyb
  2130 | D:3      | Killed Ijyb
  2494 | D:4      | Reached skill level 4 in Axes
  2494 | D:4      | Reached skill level 4 in Armour
  2494 | D:4      | Reached XP level 6. HP: 31/57 MP: 6/6
  2749 | D:4      | Found a burning altar of Makhleb.
  2754 | D:4      | Found a sacrificial altar of Ru.
  2754 | D:4      | Found a radiant altar of Vehumet.
  2779 | D:4      | Reached skill level 6 in Fighting
  2779 | D:4      | Reached skill level 5 in Axes
  2779 | D:4      | Reached skill level 3 in Throwing
  3034 | D:4      | Found a blossoming altar of Fedhas.
  3035 | D:4      | Found a sparkling altar of Nemelex Xobeh.
  3163 | D:4      | Reached XP level 7. HP: 58/63 MP: 7/7
  3183 | D:4      | Reached skill level 2 in Evocations
  3475 | D:4      | Reached skill level 6 in Axes
  3619 | D:5      | Entered Level 5 of the Dungeon
  3867 | D:5      | Noticed Grinder
  3870 | D:5      | Paralysed by Grinder for 6 turns
  3881 | D:5      | Reached XP level 8. HP: 38/71 MP: 9/9
  3885 | D:5      | Killed Grinder
  3885 | D:5      | Reached skill level 7 in Axes
  3885 | D:5      | Reached skill level 5 in Armour
  3885 | D:5      | Reached skill level 3 in Evocations
  4225 | D:5      | Found a glowing golden altar of the Shining One.
  4431 | D:4      | Became a worshipper of Ru the Awakened
  4519 | D:5      | Reached skill level 4 in Throwing
  4665 | D:6      | Reached skill level 7 in Fighting
  4669 | D:6      | Noticed Menkaure
  4679 | D:6      | Killed Menkaure
  4966 | D:6      | Found a staircase to the Ecumenical Temple.
  5108 | D:6      | Reached skill level 8 in Axes
  5661 | D:7      | Reached skill level 4 in Evocations
  5707 | D:7      | Reached XP level 9. HP: 56/79 MP: 11/11
  5972 | D:7      | Reached skill level 6 in Armour
  5980 | D:7      | Gained mutation: You are somewhat unskilled. (-1 Apt) [Ru sacrifice]
  5980 | D:7      | Reduced skill Fighting to level 6
  5980 | D:7      | Reduced skill Axes to level 7
  5980 | D:7      | Reduced skill Armour to level 5
  5980 | D:7      | Reduced skill Evocations to level 3
  5980 | D:7      | Reached * piety under Ru
  5980 | D:7      | Reached ** piety under Ru
  5998 | D:7      | Reached skill level 7 in Fighting
  5998 | D:7      | Reached skill level 8 in Axes
  6062 | D:7      | Reached skill level 4 in Evocations
  6595 | D:8      | Reached skill level 5 in Throwing
  6598 | D:8      | Noticed a two-headed ogre
  6620 | D:8      | Killed a two-headed ogre
  6620 | D:8      | Reached skill level 9 in Axes
  6620 | D:8      | Reached skill level 6 in Armour
  6742 | D:8      | Noticed a death yak
  6744 | D:8      | Found a staircase to the Lair.
  6745 | D:8      | Noticed a death yak
  6745 | D:8      | Noticed a death yak
  6765 | D:7      | Killed a death yak
  6765 | D:7      | Reached XP level 10. HP: 85/88 MP: 12/12
  6767 | D:7      | Reached skill level 5 in Evocations
  6778 | D:7      | Reached skill level 8 in Fighting
  6830 | D:7      | Killed a death yak
  6838 | D:7      | Reached skill level 10 in Axes
  7011 | D:7      | Killed a death yak
  7011 | D:7      | Reached skill level 6 in Throwing
  7011 | D:7      | Reached skill level 7 in Armour
  7259 | D:8      | Paralysed by a hornet for 1 turns
  7265 | D:8      | Paralysed by a hornet for 2 turns
  7541 | D:8      | Learned a level 1 spell: Apportation
  7824 | D:9      | Noticed a two-headed ogre
  7825 | D:9      | Noticed a green ugly thing
  7847 | D:9      | Killed a two-headed ogre
  7847 | D:9      | Reached XP level 11. HP: 72/95 MP: 11/14
  7856 | D:9      | Killed a green ugly thing
  8109 | D:9      | Gained mutation: You cannot study or cast Earth magic. [Ru sacrifice]
  8109 | D:9      | Gained mutation: You cannot study or cast Necromancy magic. [Ru sacrifice]
  8109 | D:9      | Gained mutation: You cannot study or cast Summoning magic. [Ru sacrifice]
  8109 | D:9      | Reached *** piety under Ru
  8165 | D:9      | Reached skill level 11 in Axes
  8356 | D:9      | Reached skill level 6 in Evocations
  8417 | D:9      | Reached skill level 9 in Fighting
  8418 | D:9      | Noticed a wizard
  8437 | D:9      | Killed a wizard
  8437 | D:9      | Reached skill level 8 in Armour
  8452 | D:9      | Noticed an orb spider
  8452 | D:9      | a hornet changed into an orb spider
  8458 | D:9      | Killed an orb spider
  8536 | D:8      | Noticed a two-headed ogre
  8574 | D:8      | Killed a two-headed ogre
  8687 | Lair:1   | Entered Level 1 of the Lair of Beasts
  8807 | D:9      | Got an ancient trident {flame}
  9044 | D:10     | Entered Level 10 of the Dungeon
  9317 | D:10     | Reached skill level 7 in Throwing
  9664 | D:10     | Noticed a two-headed ogre
  9673 | D:10     | Killed a two-headed ogre
  9953 | D:11     | Found Jujyud's Distillery.
  9955 | D:11     | Bought a potion of heal wounds for 55 gold pieces
  9955 | D:11     | Bought a potion of curing for 33 gold pieces
  9955 | D:11     | Bought a potion of invisibility for 88 gold pieces
  9955 | D:11     | Bought a potion of brilliance for 44 gold pieces
  9955 | D:11     | Bought a potion of mutation for 88 gold pieces
  9955 | D:11     | Bought a potion of magic for 88 gold pieces
  9955 | D:11     | Bought a potion of curing for 33 gold pieces
  9955 | D:11     | Bought 2 potions of curing for 66 gold pieces
  9955 | D:11     | Bought a potion of curing for 33 gold pieces
  9972 | D:11     | Gained mutation: Your cowardice makes you less effective in combat with threatening monsters. [Ru sacrifice]
  9972 | D:11     | Reached **** piety under Ru
 10002 | D:11     | Noticed a green ugly thing
 10025 | D:11     | Killed a green ugly thing
 10047 | D:11     | Found Yloinan's Weapon Shop.
 10147 | D:11     | Reached skill level 12 in Axes
 10273 | D:11     | Noticed a two-headed ogre
 10281 | D:11     | Killed a two-headed ogre
 10436 | D:11     | Found Faocineu's Weapon Shop.
 10820 | Lair:1   | Reached XP level 12. HP: 106/106 MP: 16/16
 10845 | Lair:1   | Reached skill level 9 in Armour
 10855 | Lair:1   | Reached skill level 10 in Fighting
 11367 | Lair:1   | Gained mutation: You are hated by all. [Ru sacrifice]
 11367 | Lair:1   | Reached ***** piety under Ru
 11483 | Lair:1   | Reached skill level 7 in Evocations
 12036 | Lair:2   | Noticed Harold
 12071 | Lair:2   | Killed Harold
 12071 | Lair:2   | Reached skill level 8 in Throwing
 12071 | Lair:2   | Reached skill level 1 in Dodging
 12273 | Lair:2   | Noticed a seven-headed hydra
 12282 | Lair:2   | Identified the cursed +3 trident of Riesk {flame, rPois Stlth+} (You took it off a wizard on level 9 of the Dungeon)
 12288 | Lair:2   | Killed a seven-headed hydra
 12288 | Lair:2   | Reached skill level 13 in Axes
 12463 | Lair:2   | Reached skill level 2 in Dodging
 13566 | Lair:3   | Gained mutation: Your magical capacity is low. (-10% MP) [Ru sacrifice]
 13617 | Lair:3   | Noticed Urug
 13638 | Lair:3   | HP: 2/108 [Urug/double sword of slicing (4)]
 13640 | Lair:3   | Noticed a five-headed hydra
 13651 | Lair:3   | Slain by a komodo dragon

Skill      XL: |  1  2  3  4  5  6  7  8  9 10 11 12 |
---------------+-------------------------------------+-----
Fighting       | 5 6 7 7 8 9 10 | 10.6
Axes           | 1 2 3 4 5 6 8 9 10 12 13 | 13.4
Armour         | 3 4 5 6 7 8 9 |  9.8
Throwing       | 2 3 4 5 6 7 8 |  8.3
Evocations     | 1 2 4 4 5 6 7 |  7.0
Dodging        | 2 |  2.8
Maces & Flails | |  2.1
Shields        | |  1.1

Action                   |  1- 3 |  4- 6 |  7- 9 | 10-12 || total
-------------------------+-------+-------+-------+-------++-------
Melee: Hand axe          |    69 |   144 |   382 |   509 ||  1104
       Headbutt          |    10 |    13 |    69 |   166 ||   258
       War axe           |       |       |     6 |       ||     6
       Broad axe         |       |       |       |   164 ||   164
       Trident           |       |       |       |   154 ||   154
Throw: Tomahawk          |     2 |       |       |       ||     2
Invok: Sacrifice Skill   |       |       |     1 |       ||     1
       Sacrifice Courage |       |       |       |     1 ||     1
       Sacrifice Arcana  |       |       |       |     1 ||     1
       Power Leap        |       |       |       |     2 ||     2
       Draw Out Power    |       |       |       |     1 ||     1
       Sacrifice Essence |       |       |       |     1 ||     1
       Sacrifice Love    |       |       |       |     1 ||     1
 Abil: Evoke Invisibilit |       |       |       |     7 ||     7
 Stab: Invisible         |       |       |       |    25 ||    25
       Confused          |       |       |       |     3 ||     3
       Distracted        |       |       |       |     1 ||     1
  Eat: Chunk             |       |     7 |    14 |    18 ||    39
       Fruit             |       |       |     2 |     7 ||     9
       Royal jelly       |       |       |       |     1 ||     1
Armor: Chain mail        |    35 |    86 |    62 |       ||   183
       Plate armour      |       |       |   144 |   429 ||   573
Dodge: Dodged            |    24 |    52 |   101 |   203 ||   380
